 Dungeon Crawl Stone Soup version 0.19.0-23-gf02e663 (webtiles) character file.

146 sugabear the Insei (level 5, -9/37 HPs)
             Began as a Demonspawn Transmuter on Nov 19, 2016.
             Killed from afar by an orc wizard (11 damage)
             ... with a magic dart
             ... on level 3 of the Dungeon.
             The game lasted 00:04:04 (2288 turns).

sugabear the Insei (Demonspawn Transmuter)          Turns: 2288, Time: 00:04:04

Health: -9/37      AC:  2    Str: 11    XL:     5   Next: 7%
Magic:  0/9        EV: 20    Int: 15    God:
Gold:   107        SH:  0    Dex: 18    Spells: 2 memorised, 5 levels left

rFire  . . .     SeeInvis .       - Unarmed
rCold  . . .     Gourm    .     (armour currently unavailable)
rNeg   . . .     Faith    .     (shield currently unavailable)
rPois  x         Spirit   +     (helmet currently unavailable)
rElec  .         Reflect  .     (cloak currently unavailable)
rCorr  .         Harm     .     (gloves currently unavailable)
MR     +....                    (boots currently unavailable)
Stlth  +.........               k - amulet of guardian spirit
                                r - ring of loudness (curse)
                                m - ring of protection from magic

@: spider-form (expiring)
A: powered by death 1, (sturdy frame 0)
a: End Transformation


You were on level 3 of the Dungeon.
You were not hungry.
You were a venomous arachnid creature.
You visited 1 branch of the dungeon, and saw 3 of its levels.

You collected 107 gold pieces.

Inventory:

Missiles
 a - 26 arrows
Armour
 e - a +2 pair of gloves (melded)
 u - a +2 animal skin (melded)
Jewellery
 k - an amulet of guardian spirit (around neck)
 m - a ring of protection from magic (left front leg)
 o - an uncursed ring of fire
 r - a cursed ring of loudness (right front leg)
Scrolls
 b - a scroll of remove curse {unknown}
 g - 3 scrolls of teleportation {unknown}
 h - 3 scrolls of random uselessness {unknown}
 j - 3 scrolls of amnesia {unknown}
 p - a scroll of immolation {unknown}
 q - a scroll of recharging {unknown}
 t - a scroll of fear {unknown}
 v - a scroll of identify {unknown}
Potions
 i - 2 potions of cancellation {unknown}
 l - a potion of ambrosia {unknown}
 n - a potion of agility {unknown}
 s - 3 potions of brilliance {unknown}
Books
 c - a book of Changes

   Spells                             Type                      Level
   a - Beastly Appendage              Transmutation                1
   b - Sticks to Snakes               Transmutation                2
   c - Spider Form                    Transmutation/Poison         3
   d - Ice Form                       Ice/Transmutation            4
   e - Blade Hands                    Transmutation                5
Comestibles
 d - a bread ration
 f - a meat ration
 w - 2 chunks of flesh


   Skills:
 + Level 1.1 Fighting
 + Level 2.2 Dodging
 + Level 0.2 Stealth
 + Level 3.9 Unarmed Combat
 + Level 2.9 Spellcasting
 + Level 2.4 Transmutations
 + Level 1.1 Poison Magic


You had 5 spell levels left.
You knew the following spells:

 Your Spells              Type           Power        Failure   Level  Hunger
a - Beastly Appendage     Tmut           #.....       24%         1    #......
b - Spider Form           Tmut/Pois      #.........   52%         3    ###....


Dungeon Overview and Level Annotations

Branches:
Dungeon (3/15)

Altars:

Annotations:
D:3 Jessica


Innate Abilities, Weirdness & Mutations

You regenerate a little health from kills.
((Your movements are slightly less encumbered by armour. (ER -2)))


Message History

The orc wizard is heavily wounded.
The orc wizard hits you but does no damage.
The orc misses you. The orc wizard closely misses you.
You closely miss the orc wizard.
The orc wizard is heavily wounded.
The orc wizard closely misses you.
The orc wizard points at you and mumbles some strange words.
The magic dart hits you!
A rat and Jessica come into view.
Jessica is wielding a dagger of venom.
You hit the orc wizard.
The orc wizard is poisoned.
The orc wizard is heavily wounded.
Unknown command.
Jessica hits you with a dagger of venom!
* * * LOW HITPOINT WARNING * * *
The orc wizard casts a spell at you. The puff of flame hits you!
* * * LOW HITPOINT WARNING * * *
The orc wizard gestures at you while chanting.
The magic dart hits you!
You die...

# #
##################
.................#
################.#
#.# #.# #.# #s#
...#####.#####
.....oo..@...#
....r.oo.#.###
##.#######.# #


You could see an orc wizard, Jessica and an orc.

Vanquished Creatures
  An orc wizard (D:3)
  Robin (D:3)
  A gnoll (D:2)
  4 adders
  A worm (D:3)
  A dart slug (D:1)
  A ball python (D:2)
  3 giant cockroaches
  13 goblins
  9 hobgoblins
  2 quokkas
  5 bats
  2 frilled lizards
  7 kobolds
  8 rats
59 creatures vanquished.

Notes
Turn   | Place    | Note
-------+----------+-------------------------------------------
     0 | D:1      | sugabear the Demonspawn Transmuter began the quest for the Orb.
     0 | D:1      | Reached XP level 1. HP: 15/15 MP: 3/3
   344 | D:1      | Gained mutation: You regenerate a little health from kills. [demonic ancestry]
   344 | D:1      | Reached XP level 2. HP: 2/21 MP: 3/5
   670 | D:1      | Reached skill level 3 in Unarmed Combat
   857 | D:1      | Reached XP level 3. HP: 26/26 MP: 6/6
   865 | D:1      | Learned a level 3 spell: Spider Form
  1544 | D:2      | Gained mutation: Your movements are slightly less encumbered by armour. (ER -2) [demonic ancestry]
  1544 | D:2      | Reached XP level 4. HP: 32/32 MP: 4/8
  1752 | D:3      | Noticed Robin
  1970 | D:3      | Killed Robin
  1970 | D:3      | Reached skill level 1 in Poison Magic
  2277 | D:3      | Reached XP level 5. HP: 20/37 MP: 1/9
  2286 | D:3      | Noticed Jessica
  2288 | D:3      | Killed from afar by an orc wizard

Skill      XL: |  1  2  3  4 |
---------------+-------------+-----
Dodging        | 2 |  2.2
Unarmed Combat | 3 |  3.9
Transmutations | 2 |  2.4
Poison Magic   | 1 |  1.1
Fighting       | |  1.1
Stealth        | |  0.2
Spellcasting   | |  2.9

Action                   |  1- 3 |  4- 6 || total
-------------------------+-------+-------++-------
Melee: Unarmed           |   134 |    57 ||   191
       Kick              |    12 |       ||    12
       Headbutt          |     4 |       ||     4
       Punch             |       |     1 ||     1
 Cast: Beastly Appendage |    12 |       ||    12
       Spider Form       |     6 |     9 ||    15
  Eat: Chunk             |     4 |     4 ||     8
Armor: Robe              |    42 |     1 ||    43
       Skin              |     2 |     5 ||     7
       Animal skin       |       |     3 ||     3
Dodge: Dodged            |    95 |    56 ||   151
